3AAA
TREMONT DOUBLEDAYS @ BLOOMINGTON LONGNECKS
09/02/2029
 
TOP OF THE 1ST
Tremont Doubledays batting - Pitching for Bloomington Longnecks : RHP César Albó
Pitching: RHP César Albó
Batting: RHB Jesús Quintana 0-0: Ball
1-0: Ground out 4-3 (Groundball, 4)
Batting: LHB Denis Jerningham 0-0: Ground out 6-3 (Groundball, 6)
Batting: RHB Andrés Gonzáles 0-0: Called Strike
0-1: Fly out, F3 (Popup, 34)
Top of the 1st over - 0 runs, 0 hits, 0 errors, 0 left on base; Tremont 0 - Bloomington 0
BOTTOM OF THE 1ST
Bloomington Longnecks batting - Pitching for Tremont Doubledays : RHP Josef Strolz
Pitching: RHP Josef Strolz
Batting: RHB Nelson Jaramillo 0-0: Ball
1-0: Foul Ball, location: 2F
1-1: Called Strike
1-2: Foul Ball, location: 2F
1-2: Foul Ball, location: 2F
1-2: Foul Ball, location: 2F
1-2: Ball
2-2: Strikes out swinging
Batting: LHB Gabriel Díaz 0-0: SINGLE (Line Drive, 6D)
Batting: SHB Willie McGirt 0-0: Ball
1-0: Ball
2-0: Called Strike
2-1: Ball
3-1: Base on Balls
Gabriel Díaz to second
Batting: SHB Eddie Ménard 0-0: Ball
Gabriel Díaz steals 3rd base
Willie McGirt to second
1-0: Ball
2-0: Ball
3-0: Base on Balls
Batting: RHB Gabrio Campoverde 0-0: Foul Ball, location: 2F
0-1: Swinging Strike
0-2: Foul Ball, location: 2F
0-2: Ball
1-2: Strikes out swinging
Batting: SHB Benedict Patel 0-0: Swinging Strike
0-1: Ball
1-1: Fly out, F4 (Popup, 4)
Bottom of the 1st over - 0 runs, 1 hit, 0 errors, 3 left on base; Tremont 0 - Bloomington 0
TOP OF THE 2ND
Tremont Doubledays batting - Pitching for Bloomington Longnecks : RHP César Albó
Batting: LHB Luis Velázquez 0-0: Called Strike
0-1: Foul Ball, location: 2F
0-2: Ball
1-2: Foul Ball, location: 2F
1-2: Ball
2-2: Ball
3-2: Base on Balls
Batting: RHB Otis Brewer 0-0: Ground out 6-3 (Groundball, 6MS)
Luis Velázquez to second
Batting: RHB Alfredo Suárez 0-0: Ball
1-0: Fly out, F4 (Popup, 4MD)
Batting: RHB Sang Hong-Do 0-0: Ground out 6-3 (Groundball, 6)
Top of the 2nd over - 0 runs, 0 hits, 0 errors, 1 left on base; Tremont 0 - Bloomington 0
BOTTOM OF THE 2ND
Bloomington Longnecks batting - Pitching for Tremont Doubledays : RHP Josef Strolz
Batting: LHB Calvin Wilms 0-0: Fly out, F7 (Flyball, 7)
Batting: RHB Chet Hollis 0-0: Ball
1-0: Ball
2-0: Foul Ball, location: 2F
2-1: Foul Ball, location: 2F
2-2: Ball
3-2: Base on Balls
Batting: RHB Roberto Alonzo 0-0: Ball
Pickoff Throw to First - Error! E1
Chet Hollis to second
1-0: Ball
Chet Hollis steals 3rd base
2-0: Ball
3-0: Called Strike
3-1: Base on Balls
Batting: RHB Nelson Jaramillo 0-0: Foul Ball, location: 2F
0-1: Fly out, F7 (Line Drive, 7)
Runner from 3rd tags up, SCORES, throw made
Batting: LHB Gabriel Díaz 0-0: Called Strike
0-1: Called Strike
0-2: Strikes out swinging
Bottom of the 2nd over - 1 run, 0 hits, 1 error, 1 left on base; Tremont 0 - Bloomington 1
TOP OF THE 3RD
Tremont Doubledays batting - Pitching for Bloomington Longnecks : RHP César Albó
Batting: SHB Alfredo Sánchez 0-0: Ball
1-0: Fly out, F8 (Line Drive, 8LD)
Batting: RHB Martín Méndez 0-0: Foul Ball, location: 2F
0-1: Foul Ball, location: 2F
0-2: Ball
1-2: Foul Ball, location: 2F
1-2: Foul Ball, location: 2F
1-2: Ball
2-2: Fly out, F8 (Flyball, 8RD)
Batting: RHB Jesús Quintana 0-0: Foul Ball, location: 2F
0-1: Ball
1-1: Swinging Strike
1-2: Fly out, F9 (Flyball, 9)
Top of the 3rd over - 0 runs, 0 hits, 0 errors, 0 left on base; Tremont 0 - Bloomington 1
BOTTOM OF THE 3RD
Bloomington Longnecks batting - Pitching for Tremont Doubledays : RHP Josef Strolz
Batting: SHB Willie McGirt 0-0: Called Strike
0-1: Ball
1-1: Ball
2-1: Ball
3-1: Base on Balls
Batting: SHB Eddie Ménard 0-0: Swinging Strike
0-1: Ball
1-1: Fly out, F8 (Flyball, 8LD)
Runner from 1st tags up, SAFE at 2nd
Batting: RHB Gabrio Campoverde 0-0: Called Strike
0-1: Swinging Strike
0-2: Foul Ball, location: 2F
0-2: Ball
1-2: Ball
2-2: Ball
3-2: Ground out 6-3 (Groundball, 6M)
Willie McGirt to third
Batting: SHB Benedict Patel 0-0: Foul Ball, location: 2F
0-1: Foul Ball, location: 2F
0-2: Strikes out swinging
Bottom of the 3rd over - 0 runs, 0 hits, 0 errors, 1 left on base; Tremont 0 - Bloomington 1
TOP OF THE 4TH
Tremont Doubledays batting - Pitching for Bloomington Longnecks : RHP César Albó
Batting: LHB Denis Jerningham 0-0: SINGLE (Line Drive, 6M)
Batting: RHB Andrés Gonzáles 0-0: Called Strike
0-1: Called Strike
0-2: Ball
1-2: SINGLE (Line Drive, 56D)
Denis Jerningham to second
Batting: LHB Luis Velázquez 0-0: Swinging Strike
0-1: Swinging Strike
0-2: Ball
1-2: Strikes out looking
Batting: RHB Otis Brewer 0-0: Grounds into double play, 6-4-3 (Groundball, 6)
Top of the 4th over - 0 runs, 2 hits, 0 errors, 1 left on base; Tremont 0 - Bloomington 1
BOTTOM OF THE 4TH
Bloomington Longnecks batting - Pitching for Tremont Doubledays : RHP Josef Strolz
Batting: LHB Calvin Wilms 0-0: Ball
1-0: Ball
2-0: Foul Ball, location: 2F
2-1: Ball
3-1: Foul Ball, location: 2F
3-2: SINGLE (Groundball, 56D)
Batting: RHB Chet Hollis 0-0: SINGLE (Flyball, 89S)
Calvin Wilms to second
Batting: RHB Roberto Alonzo 0-0: Foul Ball, location: 2F
0-1: Swinging Strike
0-2: Strikes out looking
Batting: RHB Nelson Jaramillo 0-0: Called Strike
0-1: Ball
1-1: SINGLE (Flyball, 7LS)
Calvin Wilms to third
Chet Hollis to second
Batting: LHB Gabriel Díaz 0-0: Ball
1-0: Ball
2-0: Swinging Strike
2-1: Ball
3-1: Swinging Strike
3-2: Strikes out swinging
Batting: SHB Willie McGirt 0-0: Foul Ball, location: 2F
0-1: Swinging Strike
0-2: Fly out, F3 (Popup, 34)
Bottom of the 4th over - 0 runs, 3 hits, 0 errors, 3 left on base; Tremont 0 - Bloomington 1
TOP OF THE 5TH
Tremont Doubledays batting - Pitching for Bloomington Longnecks : RHP César Albó
Batting: RHB Alfredo Suárez 0-0: Ball
1-0: Swinging Strike
1-1: Foul Ball, location: 2F
1-2: Fly out, F5 (Popup, 6S)
Batting: RHB Sang Hong-Do 0-0: Called Strike
0-1: Swinging Strike
0-2: Foul Ball, location: 2F
0-2: Ball
1-2: Foul Ball, location: 2F
1-2: Ball
2-2: Foul Ball, location: 2F
2-2: Foul Ball, location: 2F
2-2: Ball
3-2: Strikes out swinging
Batting: SHB Alfredo Sánchez 0-0: Ball
1-0: SINGLE (Groundball, 56D)
Batting: RHB Martín Méndez 0-0: Foul Ball, location: 2F
0-1: Swinging Strike
0-2: Strikes out looking
Top of the 5th over - 0 runs, 1 hit, 0 errors, 1 left on base; Tremont 0 - Bloomington 1
BOTTOM OF THE 5TH
Bloomington Longnecks batting - Pitching for Tremont Doubledays : RHP Josef Strolz
Batting: SHB Eddie Ménard 0-0: Called Strike
0-1: Ball
1-1: Foul Ball, location: 2F
1-2: Fly out, F7 (Flyball, 78M)
Batting: RHB Gabrio Campoverde 0-0: Swinging Strike
0-1: SINGLE (Line Drive, 56D)
Pitching: RHP Alonso Martínez
Batting: SHB Benedict Patel 0-0: Ball
1-0: Foul Ball, location: 2F
1-1: Ball
2-1: Swinging Strike
2-2: SINGLE (Flyball, 9LS)
Gabrio Campoverde to second
Runner from 2nd tries for 3rd, SAFE, no throw
Batting: LHB Calvin Wilms 0-0: Grounds into double play, 6-4-3 (Groundball, 6)
Bottom of the 5th over - 0 runs, 2 hits, 0 errors, 1 left on base; Tremont 0 - Bloomington 1
TOP OF THE 6TH
Tremont Doubledays batting - Pitching for Bloomington Longnecks : RHP César Albó
Batting: RHB Jesús Quintana 0-0: Called Strike
0-1: Foul Ball, location: 2F
0-2: Ground out 5-3 (Groundball, 25)
Batting: LHB Denis Jerningham 0-0: Foul Ball, location: 2F
0-1: Fly out, F7 (Flyball, 7LM)
Batting: RHB Andrés Gonzáles 0-0: Called Strike
0-1: Ball
1-1: DOUBLE (Line Drive, 7LM)
Batting: LHB Luis Velázquez 0-0: Called Strike
0-1: Swinging Strike
0-2: Ball
1-2: Ball
2-2: Foul Ball, location: 2F
2-2: Ball
3-2: Foul Ball, location: 2F
3-2: Strikes out swinging
Top of the 6th over - 0 runs, 1 hit, 0 errors, 1 left on base; Tremont 0 - Bloomington 1
BOTTOM OF THE 6TH
Bloomington Longnecks batting - Pitching for Tremont Doubledays : RHP Alonso Martínez
Batting: RHB Chet Hollis 0-0: Called Strike
0-1: Ball
1-1: Ball
2-1: Bunt for hit - play at first, batter OUT! 5-3
Batting: RHB Roberto Alonzo 0-0: Ball
1-0: Ball
2-0: Ball
3-0: Called Strike
3-1: Called Strike
3-2: Foul Ball, location: 2F
3-2: Strikes out swinging
Batting: RHB Nelson Jaramillo 0-0: Ball
1-0: Called Strike
1-1: Ball
2-1: Foul Ball, location: 2F
2-2: SINGLE (Groundball, 6MD)
Batting: LHB Gabriel Díaz Balk!
Nelson Jaramillo to second
0-0: Ball
1-0: Ground out 4-3 (Groundball, 4)
Bottom of the 6th over - 0 runs, 1 hit, 0 errors, 1 left on base; Tremont 0 - Bloomington 1
TOP OF THE 7TH
Tremont Doubledays batting - Pitching for Bloomington Longnecks : RHP César Albó
Pitching: RHP Antonio Godfrey
Batting: RHB Otis Brewer 0-0: Ball
1-0: Called Strike
1-1: Ball
2-1: Ball
3-1: Fly out, F8 (Flyball, 8LD)
Batting: RHB Alfredo Suárez 0-0: Ball
1-0: Called Strike
1-1: Ball
2-1: Ground out 4-3 (Groundball, 4S)
Batting: RHB Sang Hong-Do 0-0: Called Strike
0-1: Ball
1-1: Ball
2-1: Foul Ball, location: 2F
2-2: Ball
3-2: Strikes out swinging
Top of the 7th over - 0 runs, 0 hits, 0 errors, 0 left on base; Tremont 0 - Bloomington 1
BOTTOM OF THE 7TH
Bloomington Longnecks batting - Pitching for Tremont Doubledays : RHP Alonso Martínez
Batting: SHB Willie McGirt 0-0: Ball
1-0: Called Strike
1-1: Ball
2-1: Ball
3-1: Base on Balls
Batting: SHB Eddie Ménard 0-0: Called Strike
0-1: Fly out, F6 (Popup, P)
Batting: RHB Gabrio Campoverde 0-0: Called Strike
Willie McGirt steals 2nd base
0-1: Ground out 6-3 (Groundball, 6)
Batting: SHB Benedict Patel 0-0: Called Strike
0-1: Swinging Strike
0-2: Ball
1-2: Ground out 4-3 (Groundball, 4D)
Bottom of the 7th over - 0 runs, 0 hits, 0 errors, 1 left on base; Tremont 0 - Bloomington 1
TOP OF THE 8TH
Tremont Doubledays batting - Pitching for Bloomington Longnecks : RHP Antonio Godfrey
Now at 1B: Rob Gray
Batting: SHB Alfredo Sánchez 0-0: Ball
1-0: Ground out 5-3 (Groundball, 5)
Batting: RHB Martín Méndez 0-0: Swinging Strike
0-1: Ground out 6-3 (Groundball, 6)
Batting: RHB Jesús Quintana 0-0: Ground out U3 (Groundball, 3S)
Top of the 8th over - 0 runs, 0 hits, 0 errors, 0 left on base; Tremont 0 - Bloomington 1
BOTTOM OF THE 8TH
Bloomington Longnecks batting - Pitching for Tremont Doubledays : RHP Alonso Martínez
Batting: LHB Calvin Wilms 0-0: Called Strike
0-1: SINGLE (Line Drive, 56)
Batting: RHB Chet Hollis 0-0: Sac Bunt - play at first, batter OUT! 2-4
Calvin Wilms to second
Batting: RHB Roberto Alonzo 0-0: Ball
1-0: Foul Ball, location: 2F
1-1: Called Strike
1-2: Fly out, F8 (Flyball, 8RD)
Batting: RHB Nelson Jaramillo 0-0: Ball
1-0: DOUBLE (Flyball, 8LXD)
Calvin Wilms scores
Batting: LHB Gabriel Díaz 0-0: Ball
1-0: Swinging Strike
1-1: Foul Ball, location: 2F
1-2: Ball
2-2: Fly out, F6 (Line Drive, 6)
Bottom of the 8th over - 1 run, 2 hits, 0 errors, 1 left on base; Tremont 0 - Bloomington 2
TOP OF THE 9TH
Tremont Doubledays batting - Pitching for Bloomington Longnecks : RHP Antonio Godfrey
Pitching: RHP Bob Weatherall
Batting: LHB Denis Jerningham 0-0: Ball
1-0: Foul Ball, location: 2F
1-1: Ball
2-1: Ground out 4-3 (Groundball, 4)
Batting: RHB Andrés Gonzáles 0-0: Ball
1-0: Ball
2-0: Ball
3-0: Called Strike
3-1: Swinging Strike
3-2: Fly out, F8 (Flyball, 8RD)
Batting: LHB Luis Velázquez 0-0: Ball
1-0: Swinging Strike
1-1: Foul Ball, location: 2F
1-2: Ball
2-2: Strikes out looking
Top of the 9th over - 0 runs, 0 hits, 0 errors, 0 left on base; Tremont 0 - Bloomington 2
Tuesday, December 19th, 2017 - OOTP Baseball 18.8 Build 76